 Dungeon Crawl Stone Soup version 0.17.2-1-ge4368a0 (webtiles) character file.

35 JokEr the Skirmisher (level 3, 0/24 HPs)
             Began as a Gargoyle Berserker on Aug 7, 2016.
             Was a Follower of Trog.
             Slain by a giant gecko (1 damage)
             ... on level 3 of the Dungeon.
             The game lasted 00:02:08 (921 turns).

JokEr the Skirmisher (Gargoyle Berserker)            Turns: 921, Time: 00:02:08

Health: 0/24       AC:  5    Str: 21    XL:     3   Next: 33%
Magic:  3/3        EV: 12    Int:  7    God:    Trog [*.....]
Gold:   87         SH:  0    Dex:  9    Spells: 0 memorised, 2 levels left

rFire  . . .     SeeInvis .     a - +0 mace
rCold  . . .     Clarity  .     b - +0 animal skin
rNeg   + . .     SustAt   .     (no shield)
rPois  ∞         Gourm    .     (no helmet)
rElec  +         Spirit   .     (no cloak)
rCorr  .         Warding  .     (no gloves)
rMut   .         Stasis   .     (no boots)
MR     .....                    (no amulet)
Stlth  +.........               (no ring)
                                (no ring)

@: not resistant to hostile enchantments, very unstealthy
A: negative energy resistance 1, electricity resistance, unbreathing,
petrification resistance, rot immunity, AC +3
a: Berserk, Burn Spellbooks, Renounce Religion


You were on level 3 of the Dungeon.
You worshipped Trog.
Trog was aware of your devotion.
You were not hungry.

You visited 1 branch of the dungeon, and saw 3 of its levels.

You collected 87 gold pieces.

Inventory:

Hand Weapons
 a - a +0 mace (weapon)
Armour
 b - a +0 animal skin (worn)
Scrolls
 e - 2 scrolls of teleportation {unknown}
 f - a scroll of random uselessness {unknown}
 j - 2 scrolls of identify {unknown}
 k - a scroll of immolation {unknown}
 l - a scroll of blinking {unknown}
 m - a scroll of magic mapping {unknown}
 n - a scroll of remove curse {unknown}
Potions
 h - a potion of agility {unknown}
 i - 2 potions of lignification {unknown}
Comestibles
 c - a bread ration
 d - 2 slices of pizza
 g - a royal jelly


   Skills:
 + Level 3.8 Fighting
 + Level 3.5 Maces & Flails
 + Level 2.2 Armour
 + Level 2.0 Dodging


You had 2 spell levels left.
You didn't know any spells.

Dungeon Overview and Level Annotations

Branches:
Dungeon (3/15)

Altars:


Innate Abilities, Weirdness & Mutations

You are resistant to torment.
Your stone body is resilient (AC +3).
You are immune to poison.
You resist negative energy.
You are resistant to electric shocks.
You can survive without breathing.
You are immune to petrification.
You are immune to rotting.


Message History

A giant gecko comes into view.
Found 18 gold pieces.
The giant gecko completely misses you.
Found 11 gold pieces.
The giant gecko bites you but does no damage.
A giant gecko is nearby!
The giant gecko misses you.
Found 11 gold pieces.
The giant gecko bites you but does no damage.
The giant gecko completely misses you. The giant gecko closely misses you.
The giant gecko bites you but does no damage.
The giant gecko bites you.
* * * LOW HITPOINT WARNING * * *
The giant gecko closely misses you.
The giant gecko bites you but does no damage.
The giant gecko bites you.
* * * LOW HITPOINT WARNING * * *
The giant gecko bites you but does no damage.
The giant gecko bites you.
You die...

#..#.###.###### ...
##..#.# #.#####
........#.# #.....##
....###.#.###(###..#
....$.#.....#####''####
..........<.##≈§≈..≈§§##
..........##≈≈§≈..§≈§§#
...#...l.##≈≈≈≈≈..≈§§≈≈
.# #..@.##≈≈≈§≈≈.§§≈§≈≈
.......###≈≈§≈≈≈≈.§≈§≈§§
....... ≈≈≈≈≈≈≈.§§§≈≈≈
...$... §§§≈§≈§§.§≈≈≈≈
....... §≈§≈§§#.(#≈≈§≈
....... ≈≈≈§§§.##.≈§≈≈
....... §§§≈≈§.##.≈≈§≈
##.$... §≈≈≈≈§#..#≈§§§
§≈≈≈≈§≈.§≈§§≈≈


You could see a giant gecko.

Vanquished Creatures
  An adder (D:2)
  A worm (D:2)
  An orc (D:3)
  A ball python (D:1)
  4 goblins
  3 hobgoblins (D:1)
  2 jackals (D:3)
  A quokka (D:3)
  A bat (D:2)
  A giant gecko (D:3)
  2 kobolds (D:1)
  2 rats
20 creatures vanquished.

Notes
Turn   | Place    | Note
--------------------------------------------------------------
     0 | D:1      | JokEr the Gargoyle Berserker began the quest for the Orb.
     0 | D:1      | Reached XP level 1. HP: 14/14 MP: 1/1
   509 | D:1      | Reached XP level 2. HP: 19/19 MP: 2/2
   791 | D:2      | Reached XP level 3. HP: 4/24 MP: 3/3
   864 | D:3      | HP: 1/24 [jackal (2)]
   920 | D:3      | HP: 1/24 [giant gecko (3)]
   921 | D:3      | Slain by a giant gecko

Action                   || total
-------------------------++-------
Melee: Mace              ||    73
